[Event "Early-Titled-Tuesday-Blitz-April-16-2024"]
[Site "Chess.com"]
[Date "2024.04.16"]
[Round "11"]
[White "IndianSchoolOfSuffering"]
[Black "Boundless_Strike"]
[Result "0-1"]
[WhiteElo "2446"]
[BlackElo "2661"]
[TimeControl "180+1"]
[EndTime "10:12:14 PDT"]
[Termination "Boundless_Strike won by resignation"]

1. Nf3 d6 2. d4 e5 3. dxe5 Bg4 4. c4 Nc6 5. Nc3 Qd7 6. Bf4 O-O-O 7. Qa4 dxe5 8. Rd1 Bd6 9. Be3 Nb4 10. Qxa7 Nc2+ 11.
Kd2 Bc5+ 12. Kxc2 Bf5+ 13. Kc1 Bxa7 14. Rxd7 Bxe3+ 15. fxe3 Rxd7 16. Nxe5 Re7 17. e4 Rxe5 18. exf5 Rxf5 19. g3 Kb8 20. Bg2 Nf6 21. Bf3 c6 22.
Rd1 Kc7 23. b4 Rd8 24. Rxd8 Kxd8 25. Kd2 g5 26. g4 Re5 27. h3 Re8 28. a4 Rh8 29. b5 Kc7 30. Ke3 h5 31. Kd4 hxg4 32.
hxg4 Re8 33. c5 Nd7 34. Ne4 Re5 35. bxc6 bxc6 36. e3 Rd5+ 37. Kc4 Ne5+ 38. Kb4 Nxf3 39. Nd6 Ne5 40. a5 Rd1 41. a6 Ra1 42. Ne8+ Kd8 43. Nf6 Rxa6 44. Kc3 Ra4 45. Ne4 Rxe4 0-1

[Event "Early-Titled-Tuesday-Blitz-April-16-2024"]
[Site "Chess.com"]
[Date "2024.04.16"]
[Round "11"]
[White "DarZay"]
[Black "shirovin"]
[Result "1-0"]
[WhiteElo "2292"]
[BlackElo "2051"]
[TimeControl "180+1"]
[EndTime "10:12:14 PDT"]
[Termination "DarZay won on time"]

1. e4 c5 2. Nf3 d6 3. d3 Nc6 4.
Nc3 g6 5. g3 Bg7 6. Bg2 e6 7.
Be3 Nge7 8. Nd2 O-O 9. f4 Rb8 10. a4 a6 11. O-O b5 12. axb5 axb5 13. e5 Nd4 14. exd6 Qxd6 15. Nce4 Qc7 16. c3 Ndf5 17. Bxc5 Rd8 18. Ra7 Bb7 19. d4 Ne3 20. Qe2 Nxf1 21. Qxf1 Nd5 22. Qxb5 Ne3 23. Bf3 Bc6 24. Qa6 Rb7 25.
Ra8 Rxa8 26. Qxa8+ Rb8 27. Qa2 Bf8 28. Bxf8 Kxf8 29.
Qa6 Kg7 30. b4 Bb5 31. Qa3 Nc4 32. Qc1 Nxd2 33. Qxd2 Qc4 34. Nc5 Rd8 35. Bg2 Be8 36. Qd3 Qxd3 37. Nxd3 Rc8 38. Nc5 Bc6 39. Bxc6 Rxc6 40.
c4 Kf8 41. b5 Rc8 42. b6 Ke7 43. Kf2 Kd6 44. Ke3 Kc6 45. b7 Rd8 46. Ke4 f6 47. Nxe6 Re8 48. d5+ Kxb7 49. c5 Ra8 50. d6 Ra4+ 51. Kd5 Ra1 52. c6+ Kb6 53. d7 Rd1+ 54. Nd4 1-0

[Event "Early-Titled-Tuesday-Blitz-April-16-2024"]
[Site "Chess.com"]
[Date "2024.04.16"]
[Round "11"]
[White "Iball95"]
[Black "albi1999"]
[Result "1-0"]
[WhiteElo "2894"]
[BlackElo "2656"]
[TimeControl "180+1"]
[EndTime "10:12:16 PDT"]
[Termination "Iball95 won by resignation"]

1. e4 c5 2. Nf3 a6 3. Nc3 b5 4. d4 e6 5. d5 Bb7 6. Bd3 Nf6 7. O-O b4 8. Na4 exd5 9. exd5 Bxd5 10.
Re1+ Be6 11. Be3 d6 12. Ng5 Be7 13. a3 bxa3 14. Rxa3 O-O 15. Nxe6 fxe6 16. Ra1 Nbd7 17. Qe2 d5 18. Bg5 e5 19. Bxa6 e4 20. Bb5 Ne5 21. Rad1 Nfg4 22. Be3 Bd6 23. h3 Qh4 24. Rxd5 Nf3+ 25. Kh1 Nxe3 26. Qxe3 Bf4 27. Qxe4 Nxe1 28. Qxe1 Rad8 29. Bc4 Kh8 30. Nxc5 Rxd5 31. Bxd5 Bb8 32. Nd7 Rd8 33. Nxb8 Rxb8 34. c4 Qd4 35. b4 g6 36. b5 Rf8 37. Kg1 Rf5 38. Qe8+ Kg7 39.
Qe7+ Kh6 40. Qe3+ Rf4 41. Qxd4 Rxd4 42. b6 Rd1+ 43. Kh2 Kg5 44. b7 Rb1 45. c5 Kf6 46. c6 Ke5 47. c7 1-0

[Event "Early-Titled-Tuesday-Blitz-April-16-2024"]
[Site "Chess.com"]
[Date "2024.04.16"]
[Round "11"]
[White "Nikolakis2014"]
[Black "djano"]
[Result "1-0"]
[WhiteElo "2731"]
[BlackElo "2598"]
[TimeControl "180+1"]
[EndTime "10:12:16 PDT"]
[Termination "Nikolakis2014 won by resignation"]

1. Nf3 c5 2. c4 g6 3. d4 cxd4 4. Nxd4 Bg7 5. e4 Nc6 6. Be3 Nf6 7. Nc3 O-O 8. Be2 d6 9. O-O Nxd4 10. Bxd4 Bd7 11. Qc2 Bc6 12. Rad1 Nd7 13. Bxg7 Kxg7 14.
b4 b6 15. Qb2 f6 16. h3 Rc8 17. Bg4 Rc7 18. Rfe1 Ne5 19. Be2 g5 20. Qb3 Qa8 21.
Nd5 Bxd5 22. exd5 Rfc8 23. Bf1 Qb7 24. Rd4 b5 25. cxb5 Rc3 26. Qb1 Qb6 27. Red1 Rc2 28.
R4d2 R2c3 29. Qf5 R8c7 30. a4 Qb8 31. a5 Rb3 32. Rd4 Rb2 33. f4 Ng6 34. fxg5 fxg5 35. Qxg5 Rcc2 36. R4d2 Qc7 37. Qe3 Ne5 38. Qg5+ Ng6 39.
Qe3 Ne5 40. Qd4 Ra2 41. Kh1 Rab2 42. Qxb2 Rxb2 43. Rxb2 Qc3 44. Rdb1 Qd4 45. b6 axb6 46. a6 b5 47. Bxb5 Qxd5 48. Bf1 Nf3 49. gxf3 Qxf3+ 50. Bg2 Qa3 51. b5 d5 52. b6 1-0

[Event "Early-Titled-Tuesday-Blitz-April-16-2024"]
[Site "Chess.com"]
[Date "2024.04.16"]
[Round "11"]
[White "lamomiajunior"]
[Black "chess123456s"]
[Result "1-0"]
[WhiteElo "2735"]
[BlackElo "2603"]
[TimeControl "180+1"]
[EndTime "10:12:17 PDT"]
[Termination "lamomiajunior won by checkmate"]

1. d4 d5 2. Nc3 Nf6 3. Bf4 c5 4. e4 Nxe4 5. Bb5+ Nc6 6. Nxe4 dxe4 7. Ne2 e6 8. dxc5 Qxd1+ 9. Rxd1 Bxc5 10. Nc3 f5 11.
Bxc6+ bxc6 12. Bd6 Bxd6 13. Rxd6 Ke7 14. Rxc6 Bd7 15.
Rc7 Rab8 16. b3 Rhc8 17. Rxc8 Rxc8 18. Kd2 Bc6 19. Re1 Rd8+ 20. Kc1 g5 21. a4 Kf6 22. g3 h5 23. b4 h4 24. b5 Ba8 25. a5 hxg3 26.
hxg3 Ke5 27. f3 Rc8 28. Kb2 Bd5 29. fxe4 Bxe4 30. Kb3 Kd4 31. Rd1+ Ke3 32. Rd7 f4 33.
gxf4 gxf4 34. Re7 Bf5 35. Rxa7 f3 36. b6 f2 37. Nd1+ Ke2 38. Nxf2 Kxf2 39. b7 Rb8 40. a6 Be4 41. Kb4 e5 42. Kc5 Bg2 43. Kd6 e4 44. Ra8 Rxa8 45. bxa8=Q e3 46. Qf8+ Bf3 47. a7 e2 48. a8=Q e1=Q 49. Qaxf3+ Kg1 50. Qg7+ Kh2 51. Qh5+ Qh4 52. Qxh4# 1-0

[Event "Early-Titled-Tuesday-Blitz-April-16-2024"]
[Site "Chess.com"]
[Date "2024.04.16"]
[Round "11"]
[White "FlemingA"]
[Black "Aminazinas"]
[Result "0-1"]
[WhiteElo "2419"]
[BlackElo "2532"]
[TimeControl "180+1"]
[EndTime "10:12:20 PDT"]
[Termination "Aminazinas won by resignation"]

1. e4 e5 2. Nf3 Nc6 3. c3 d5 4.
Qa4 Bd7 5. exd5 Nd4 6. Qd1 Nxf3+ 7. Qxf3 Nf6 8. h3 Bc5 9. Bc4 O-O 10. d3 c6 11. Bg5 Be7 12. d6 Bxd6 13. Nd2 Be7 14.
O-O Qb6 15. b4 Rae8 16. Rfe1 Qc7 17. a4 Nd5 18. Bxe7 Nxe7 19. Ne4 h6 20. Qg3 Kh8 21. Nc5 Ng6 22. Bxf7 Rxf7 23. Qxg6 Bf5 24. Qg3 b6 25. Ne4 Rd7 26. Rad1 Red8 27. Qf3 Bh7 28. Qg3 c5 29.
bxc5 bxc5 30. c4 Rd4 31. Nc3 Rxd3 32. Nd5 R8xd5 33. cxd5 Rxg3 34. d6 Rxg2+ 35. Kxg2 Qc6+ 36. Kg3 Bf5 37. Rxe5 Bd7 38. Re7 Kh7 39. Kf4 c4 40. Ke3 c3 41. Re4 c2 42. Rc1 Bf5 43. Rf4 Qc3+ 44.
Ke2 Bd3+ 45. Kf3 Bf1+ 46. Ke4 Bg2+ 47. f3 Qd2 48. d7 Bxh3 49. Rxc2 Qxc2+ 50. Ke5 Bxd7 0-1

[Event "Early-Titled-Tuesday-Blitz-April-16-2024"]
[Site "Chess.com"]
[Date "2024.04.16"]
[Round "11"]
[White "Rawnsdale"]
[Black "Aleksandar-Topalov"]
[Result "0-1"]
[WhiteElo "2482"]
[BlackElo "2366"]
[TimeControl "180+1"]
[EndTime "10:12:20 PDT"]
[Termination "Aleksandar-Topalov won by checkmate"]

1. e4 e6 2. d4 d5 3. e5 Ne7 4.
Nf3 Qd7 5. c4 b6 6. Nc3 Bb7 7.
Be3 Nbc6 8. Rc1 a6 9. Be2 dxc4 10.
Bxc4 Nb4 11. O-O Nbd5 12. Qe2 Nxc3 13. bxc3 b5 14. Bb3 Nd5 15. Rfd1 Ba3 16. Rc2 O-O 17. c4 bxc4 18. Bxc4 Rfc8 19. Ng5 h6 20. Qd3 hxg5 21. Qxa3 Nf4 22. Bxf4 gxf4 23. Qc5 f3 24. d5 exd5 25. Bxd5 Bxd5 26. Rxd5 Qg4 27. Kf1 Qxg2+ 28. Ke1 Rab8 29.
Kd2 Qf1 30. Qe3 Rb1 31. Kc3 Rb6 32. Qxf3 Qa1+ 33. Kd2 Re8 34. Rxc7 Qxa2+ 35. Rc2 Rb2 36. Rc5 Rxc2+ 37. Rxc2 Qa5+ 38. Kd1 Qxe5 39. Rd2 Qe1+ 40. Kc2 Rc8+ 41. Kb3 Qxd2 42. Qh3 Qd5+ 43. Kb2 Rb8+ 44. Kc1 Qc5+ 45. Kd2 Rb2+ 46. Kd3 Rb3+ 47. Ke4 Rxh3 48. f4 Rxh2 49. f5 Re2+ 50. Kf4 Qe5+ 51. Kg5 Rg2+ 52.
Kh5 Qh2# 0-1

[Event "Early-Titled-Tuesday-Blitz-April-16-2024"]
[Site "Chess.com"]
[Date "2024.04.16"]
[Round "11"]
[White "manitodeplomo"]
[Black "AryanTari"]
[Result "0-1"]
[WhiteElo "2636"]
[BlackElo "2906"]
[TimeControl "180+1"]
[EndTime "10:12:22 PDT"]
[Termination "AryanTari won on time"]

1. d4 d5 2. c4 e6 3. Nf3 Nf6 4. Nc3 h6 5. g3 Bd6 6. Bg2 O-O 7. O-O Nc6 8. e3 dxc4 9. Nd2 Na5 10. Qe2 c6 11.
Nxc4 Nxc4 12. Qxc4 e5 13. Rd1 Qe7 14. d5 Bg4 15. f3 Bd7 16. e4 b5 17. Qe2 b4 18.
dxc6 Bxc6 19. Nd5 Nxd5 20. exd5 Bd7 21. Be3 f5 22. Rac1 a5 23. Rc2 Qf7 24. f4 e4 25.
Bf1 Rfc8 26. Rxc8+ Rxc8 27. Qa6 Bc5 28. Bxc5 Rxc5 29.
Bc4 Kh7 30. b3 Qh5 31. Be2 Qg6 32. Qxg6+ Kxg6 33. Kf2 Rc2 34. Ke3 Kf6 35. Rd2 Rc3+ 36. Kd4 g5 37. Bc4 gxf4 38. gxf4 Rf3 39. Kc5 Rxf4 40.
Kd6 Be8 41. Kc7 Ke5 42. d6 e3 43. Rd1 Rd4 44. Rxd4 Kxd4 45. Kd8 Bc6 46. Kc7 Kc5 47. d7 Bxd7 48. Kxd7 f4 49. Be2 Kd4 50. Ke6 Ke4 0-1

[Event "Early-Titled-Tuesday-Blitz-April-16-2024"]
[Site "Chess.com"]
[Date "2024.04.16"]
[Round "11"]
[White "Gabrielian_Artur"]
[Black "Nf3c5"]
[Result "1-0"]
[WhiteElo "2793"]
[BlackElo "2624"]
[TimeControl "180+1"]
[EndTime "10:12:22 PDT"]
[Termination "Gabrielian_Artur won by resignation"]

1. e4 c5 2. Nf3 Nc6 3. Bb5 Na5 4. O-O a6 5. Be2 Nf6 6. e5 Nd5 7. d4 cxd4 8. c4 Nc7 9. Nxd4 g6 10. Nc3 Bg7 11. Bf4 Nc6 12. Nxc6 bxc6 13. Bg3 O-O 14.
Rc1 f6 15. exf6 Bxf6 16. b3 d6 17. Bf3 Bd7 18. Re1 Rb8 19. Qd2 c5 20. Rcd1 Bf5 21. Ne4 Bd4 22. Ng5 Qd7 23. Qe2 e5 24. h4 h6 25. Ne4 Kg7 26. Rd3 a5 27. Qd2 Ra8 28. Rxd4 cxd4 29. Nxd6 Kh7 30. Bxa8 Rxa8 31. Bxe5 Ne6 32.
h5 Rf8 33. hxg6+ Bxg6 34. Qxa5 d3 35. Qd5 Ng5 36. f4 Ne6 37. c5 Nc7 38. Qd4 Ne6 39.
Qe3 Qc6 40. f5 Bxf5 41. Nxf5 Rxf5 42. Qxd3 Qxc5+ 43. Kh1 Kg6 44. Bg3 Qd5 45. Qxd5 Rxd5 46. Rxe6+ Kg5 47. Re5+ Rxe5 48. Bxe5 1-0

[Event "Early-Titled-Tuesday-Blitz-April-16-2024"]
[Site "Chess.com"]
[Date "2024.04.16"]
[Round "11"]
[White "ural58"]
[Black "HajiyevKanan"]
[Result "1-0"]
[WhiteElo "2501"]
[BlackElo "2611"]
[TimeControl "180+1"]
[EndTime "10:12:22 PDT"]
[Termination "ural58 won by resignation"]

1. e4 c6 2. Nc3 d5 3. Nf3 a6 4. d4 Bg4 5. Be2 e6 6. O-O Nf6 7. e5 Nfd7 8. Nd2 Bxe2 9. Nxe2 c5 10. c3 Nc6 11. f4 Qb6 12. Nf3 g6 13. a3 Be7 14. b4 cxd4 15. cxd4 h5 16. Rb1 Rc8 17. Bd2 Kf8 18. Kh1 Kg7 19. g3 Qb5 20. Be1 Nb6 21. h3 Rc7 22. Kg2 Qa4 23. Qxa4 Nxa4 24. g4 hxg4 25.
hxg4 f5 26. exf6+ Bxf6 27. Rb3 Na7 28. f5 exf5 29. gxf5 Nb5 30. Nf4 Rc2+ 31. Rf2 Rxf2+ 32. Bxf2 gxf5 33. Nxd5 Kf7 34. Ne5+ Bxe5 35. dxe5 Ke6 36. Nf4+ Kf7 37. e6+ Kf6 38. Re3 Rg8+ 39. Kf1 Nac3 40. Be1 Ne4 41. a4 Nd4 42. Bc3 Nxc3 43. Rxc3 Nxe6 44. Nxe6 Kxe6 45. Rc7 Rb8 46. a5 Kd6 47. Rf7 Ke6 48. Rc7 b6 49. Rc6+ Kd5 50. Rf6 Ke5 51. Rc6 bxa5 52. bxa5 Rb1+ 53. Ke2 Rb2+ 54. Ke1 Rb5 55. Rxa6 f4 56. Ra8 Ke4 57. a6 Ke3 58.
Re8+ Kf3 59. a7 Rb1+ 60. Kd2 Rb2+ 61. Kc1 Ra2 62. a8=Q+ Rxa8 63. Rxa8 Ke2 64. Re8+ Kf2 65. Kd2 f3 66. Rf8 1-0

[Event "Early-Titled-Tuesday-Blitz-April-16-2024"]
[Site "Chess.com"]
[Date "2024.04.16"]
[Round "11"]
[White "Kobalia"]
[Black "sonicdravise"]
[Result "1/2-1/2"]
[WhiteElo "2816"]
[BlackElo "2631"]
[TimeControl "180+1"]
[EndTime "10:12:28 PDT"]
[Termination "Game drawn by repetition"]

1. d4 Nf6 2. Nf3 c5 3. d5 b5 4. Bg5 g6 5. e3 b4 6. a3 Bg7 7. axb4 cxb4 8. Bc4 Ne4 9. Ra2 Nxg5 10. Nxg5 O-O 11.
O-O d6 12. Nd2 Nd7 13. Qe2 Nc5 14. Nge4 Nxe4 15. Nxe4 a5 16. c3 Bd7 17. Bb5 bxc3 18. Nxc3 Bxb5 19. Nxb5 Qb6 20. Rd1 Rfc8 21. h3 Rc5 22.
Nc3 Bxc3 23. bxc3 Rxc3 24. Rda1 Qc5 25. Qf3 Rc1+ 26. Kh2 Rxa1 27. Rxa1 a4 28. Qe4 a3 29. Qxe7 Qxd5 30. f4 a2 31. Qf6 Rb8 32. Qc3 h6 33.
Qa3 Rb1 34. Rxa2 Qd1 35. Qc3 Qg1+ 36. Kg3 Qe1+ 37. Qxe1 Rxe1 38. Kf3 Rd1 39. Ke2 Rd5 40. Ra6 Kg7 41. Ra4 h5 42. e4 Rb5 43. Ra6 Rb2+ 44. Kf3 Rb3+ 45. Kf2 Rb2+ 46. Kg3 Rb3+ 47. Kf2 Rb2+ 48.
Kf3 Rb3+ 49. Kf2 1/2-1/2

[Event "Early-Titled-Tuesday-Blitz-April-16-2024"]
[Site "Chess.com"]
[Date "2024.04.16"]
[Round "11"]
[White "Rosh1610"]
[Black "GeorgiosSouleidis"]
[Result "1-0"]
[WhiteElo "2494"]
[BlackElo "2649"]
[TimeControl "180+1"]
[EndTime "10:12:28 PDT"]
[Termination "Rosh1610 won on time"]

1. e4 c5 2. Nc3 e6 3. Nge2 Nc6 4. g3 Nf6 5. Bg2 Be7 6. O-O d6 7. d4 cxd4 8. Nxd4 Bd7 9. Be3 a6 10. f4 Qc7 11. Nb3 O-O 12. a4 Nb4 13. a5 Bc6 14. Nd4 d5 15. Nxc6 bxc6 16. exd5 cxd5 17. Kh1 Bc5 18. Bxc5 Qxc5 19. Qd2 Rac8 20. Rfc1 Ng4 21. h3 Qe3 22. Qe2 Qxe2 23. Nxe2 Ne3 24. c3 Nd3 25.
Rcb1 Rb8 26. b4 Rfc8 27. Kh2 d4 28. Nxd4 Rxc3 29. Ra2 Rxb4 30. Rxb4 Nxb4 31. Rb2 Rc4 32. Nc6 Nec2 33. Nxb4 Nxb4 34. Bf1 Rd4 35. Kg1 g5 36.
fxg5 Kg7 37. h4 h6 38. gxh6+ Kxh6 39. Rb3 f5 40. Kg2 e5 41. Rc3 Rd6 42. Rc5 Re6 43. Bc4 Re7 44. Bxa6 e4 45. Be2 1-0

[Event "Early-Titled-Tuesday-Blitz-April-16-2024"]
[Site "Chess.com"]
[Date "2024.04.16"]
[Round "11"]
[White "IshviAggarwal"]
[Black "NusratAlo"]
[Result "1-0"]
[WhiteElo "2139"]
[BlackElo "1896"]
[TimeControl "180+1"]
[EndTime "10:12:28 PDT"]
[Termination "IshviAggarwal won by resignation"]

1. Nf3 d5 2. d4 Nf6 3. c4 c6 4. g3 g6 5. Bg2 Bg7 6. O-O O-O 7.
b3 Re8 8. Nc3 Be6 9. Ne5 Nbd7 10. Qd3 Nxe5 11. dxe5 Ne4 12. Nxe4 dxe4 13. Qxe4 Bf5 14.
Qf4 Qc7 15. Bb2 Rad8 16. Rfd1 Rd7 17. Rxd7 Qxd7 18. e4 Be6 19. Qe3 b6 20. f4 Rd8 21.
Bf3 Qc7 22. Rd1 Rxd1+ 23. Bxd1 Qd7 24. Qd4 Qc7 25. Bc2 Kf8 26. f5 c5 27. Qc3 Bc8 28. f6 Bh6 29. Qd3 Qd7 30. Qxd7 Bxd7 31. Kf2 e6 32. a3 Ke8 33. b4 Bf8 34. Bc3 Kd8 35. h4 Kc7 36. Bd1 Bc6 37. Ke3 Bh6+ 38. Kd3 Bc1 39. b5 Bb7 40. a4 a5 41. bxa6 Bxa6 42.
Bg4 Kd7 43. h5 g5 44. h6 Bc8 45. Bd2 Bxd2 46. Kxd2 Kc6 47. Kc3 Kb7 48. Bh5 Bd7 49.
Bxf7 Bxa4 50. Bxe6 1-0

[Event "Early-Titled-Tuesday-Blitz-April-16-2024"]
[Site "Chess.com"]
[Date "2024.04.16"]
[Round "11"]
[White "Kostukov_Alex"]
[Black "Denisenko_Denis"]
[Result "1/2-1/2"]
[WhiteElo "2278"]
[BlackElo "2423"]
[TimeControl "180+1"]
[EndTime "10:12:30 PDT"]
[Termination "Game drawn by repetition"]

1. g3 d5 2. Bg2 c6 3. d3 Nf6 4. e4 dxe4 5. dxe4 Qxd1+ 6. Kxd1 e5 7. f3 Be6 8. Be3 Nbd7 9. Nd2 Bc5 10. Ke2 Bxe3 11.
Kxe3 Ke7 12. Bh3 Bxh3 13. Nxh3 Rad8 14. Nf2 h5 15. Nd3 b6 16. Nc4 Ke6 17. a4 Ne8 18. Rhd1 f6 19. f4 Nc7 20. Nb4 Nb8 21. fxe5 fxe5 22.
Nd3 Nd7 23. b4 Rhf8 24. Rf1 Rde8 25. a5 b5 26. Nd2 Na6 27. c3 c5 28. Nf3 c4 29.
Ng5+ Ke7 30. Nf2 Nc7 31. Nfh3 Rxf1 32. Rxf1 Rf8 33. Rd1 Nf6 34. Nf3 Ng4+ 35. Ke2 Ne6 36. Rd5 a6 37. Nxe5 Nxh2 38. Ng6+ Kf7 39. Nxf8 Nxf8 40.
Rxh5 Ng4 41. Rf5+ Ke7 42. Ng5 Nh6 43. Rc5 Kd6 44. e5+ Kd7 45. Rd5+ Ke7 46. Rd6 Nd7 47. Rxa6 Nxe5 48. Ra7+ Kd6 49. Ne4+ Kc6 50. Rxg7 Nf5 51. a6 Nxg7 52. a7 Kb7 53. Nd6+ Kxa7 54. Nxb5+ Kb6 55. Nd6 Kc6 56. Nxc4 Nxc4 57. Kd3 Kd5 58. g4 Ne6 59. g5 Nxg5 60. b5 Ne6 61. b6 Nxb6 62. c4+ Kc5 63. Ke3 Kb4 64. Ke4 Nc5+ 65. Ke5 Nba4 66. Kf4 Kc3 67. Ke5 Kd3 68. Kf4 Nc3 69. Ke5 Ke3 70. Kd6 Kd4 71. Ke7 Ke5 72. Kf7 N3e4 73. Kg6 Ke6 74. Kh5 Kf5 75. Kh6 Kf6 76. Kh5 Kf5 77. Kh6 Nd6 78. Kh5 Nde4 1/2-1/2

[Event "Early-Titled-Tuesday-Blitz-April-16-2024"]
[Site "Chess.com"]
[Date "2024.04.16"]
[Round "11"]
[White "sathvikadiga"]
[Black "VerdeNotte"]
[Result "1-0"]
[WhiteElo "2628"]
[BlackElo "2871"]
[TimeControl "180+1"]
[EndTime "10:12:31 PDT"]
[Termination "sathvikadiga won by resignation"]

1. d4 Nf6 2. Nc3 d5 3. Bf4 g6 4.
e3 Bg7 5. Nf3 O-O 6. Be2 c5 7. Ne5 cxd4 8. exd4 Nc6 9. Qd2 Ne4 10.
Nxe4 dxe4 11. Nxc6 bxc6 12. c3 Qa5 13. O-O e5 14. dxe5 Bxe5 15. Bxe5 Qxe5 16. Qe3 Rb8 17.
b3 Bf5 18. Rad1 Qa5 19. Rd2 Rfd8 20. Rfd1 Rd5 21. c4 Rxd2 22. Qxd2 Qxd2 23. Rxd2 h5 24. Rd6 Rc8 25. c5 Kf8 26. Bc4 Ke7 27. Kf1 h4 28. h3 a5 29. a3 e3 30. fxe3 Be4 31.
Rd4 f5 32. Rd6 g5 33. Re6+ Kd7 34. Rg6 Kc7 35. Rxg5 Rd8 36. Rg7+ Kb8 37. Ke2 Re8 38.
Rg8 Rxg8 39. Bxg8 Bxg2 40. Be6 Be4 41. Kd2 Kc7 42. Kc3 Kd8 43. Kd4 Bc2 44. b4 axb4 45. axb4 Kc7 46. Ke5 Kb7 47. Bxf5 Bd1 48. Bd3 Bh5 49.
Kf4 Bf7 50. Kg5 Be6 51. Kxh4 Kc7 52. Kg3 Kd8 53. h4 Ke7 54. Kf4 Kf6 55. e4 Kg6 56. b5 cxb5 57. Bxb5 Kh5 58. Ke5 Bh3 59. Kf6 Kxh4 60. e5 Kg3 61. e6 1-0

[Event "Early-Titled-Tuesday-Blitz-April-16-2024"]
[Site "Chess.com"]
[Date "2024.04.16"]
[Round "11"]
[White "wonderfultime"]
[Black "Timerkhanov"]
[Result "1-0"]
[WhiteElo "3004"]
[BlackElo "2679"]
[TimeControl "180+1"]
[EndTime "10:12:32 PDT"]
[Termination "wonderfultime won by resignation"]

1. d4 d5 2. Nf3 Nf6 3. Bf4 c5 4. c3 Nc6 5. e3 Qb6 6. Qc2 g6 7. Nbd2 Bg7 8. Be2 O-O 9. O-O cxd4 10. exd4 Bg4 11. Rfe1 Nh5 12. Be3 Qc7 13. h3 Bf5 14.
Qb3 Nf6 15. Nf1 Na5 16. Qd1 Ne4 17. Qc1 Nc4 18. Bxc4 Qxc4 19. Bh6 Qc7 20. Bxg7 Kxg7 21. Ne3 Rad8 22. Ne5 f6 23. Nd3 Be6 24. Re2 Bf7 25. Qe1 Rfe8 26. Nf1 e6 27. f3 Nd6 28. Qf2 b6 29.
Rae1 g5 30. g4 Bg6 31. Nb4 Qf7 32. Ng3 h6 33. Qh2 a5 34. Nc2 Nc4 35. Ne3 Nxe3 36. Rxe3 Re7 37. Qf2 Rde8 38. f4 gxf4 39. Qxf4 e5 40. Qf2 exd4 41. cxd4 Rxe3 42. Rxe3 Rxe3 43. Qxe3 Qc7 44. a3 Kf7 45. Qf2 Qc1+ 46. Kh2 Kg7 47. h4 Qc2 48. Nh5+ Kh7 49. Nxf6+ Kg7 50. Qxc2 Bxc2 51.
Nxd5 Be4 52. Ne3 Kf6 53. Kg3 b5 54. Kf4 b4 55. Kxe4 1-0

[Event "Early-Titled-Tuesday-Blitz-April-16-2024"]
[Site "Chess.com"]
[Date "2024.04.16"]
[Round "11"]
[White "GothamChess"]
[Black "Predator0608"]
[Result "0-1"]
[WhiteElo "2658"]
[BlackElo "2599"]
[TimeControl "180+1"]
[EndTime "10:12:32 PDT"]
[Termination "Predator0608 won on time"]

1. e4 e5 2. Nc3 Nc6 3. Bc4 Nf6 4. d3 h6 5. f4 Bc5 6. Nf3 d6 7. Na4 Bb6 8. Nxb6 axb6 9. a3 exf4 10. Bxf4 Be6 11. Bb5 O-O 12. O-O Bg4 13. Bxc6 bxc6 14. Qd2 Nh7 15. h3 Be6 16. Rf2 c5 17. Raf1 d5 18. e5 d4 19. Kh1 Kh8 20. Qe2 Bd5 21. Nd2 Qe7 22. Qh5 Rae8 23. Nf3 Qe6 24. Bg3 Kg8 25.
Kh2 Kh8 26. Nh4 Bb7 27. b3 Bd5 28. a4 Ra8 29. Qd1 Ng5 30. Rf6 Qd7 31. Qh5 Nh7 32.
R6f2 Qe6 33. Re1 Kg8 34. Nf5 Kh8 35. Qd1 Ng5 36. Bf4 Nh7 37. Ng3 Rae8 38. Rfe2 Qg6 39.
Qd2 Ng5 40. Bxg5 Qxg5 41. Qxg5 hxg5 42. Nf5 Kh7 43. g4 g6 44. Ng3 Kg7 45. Rf2 Re7 46. Rfe2 Rfe8 47. Kg1 Bf3 48. Rf2 Bd5 49. Rfe2 Rh8 50. Kh2 Bf3 51. Rf2 Bxg4 52. Re4 Bxh3 53. Kg1 Be6 54. b4 Bd5 55. Rg4 Rxe5 0-1

[Event "Early-Titled-Tuesday-Blitz-April-16-2024"]
[Site "Chess.com"]
[Date "2024.04.16"]
[Round "11"]
[White "ploxoi"]
[Black "ansko1999"]
[Result "1-0"]
[WhiteElo "2414"]
[BlackElo "2595"]
[TimeControl "180+1"]
[EndTime "10:12:32 PDT"]
[Termination "ploxoi won on time"]

1. e4 c5 2. Nf3 Nf6 3. e5 Nd5 4. Nc3 e6 5. Nxd5 exd5 6. d4 d6 7. exd6 Bxd6 8. Be3 cxd4 9. Nxd4 O-O 10. c3 Nc6 11.
Be2 Re8 12. O-O a6 13. Bf3 Bc7 14. Nxc6 bxc6 15. c4 Qd6 16. g3 Bh3 17. Re1 Ba5 18. Re2 Qf6 19. Bd4 Qf5 20. cxd5 cxd5 21. Rc1 h6 22. Re3 Rac8 23. Rc5 Rxe3 24. Rxc8+ Qxc8 25. Bxe3 Be6 26. a3 Qc4 27. b4 Bd8 28. Be2 Qc6 29.
Qc1 Qxc1+ 30. Bxc1 a5 31. b5 Bb6 32. a4 Kf8 33. Kf1 Ke7 34. Ba3+ Kd7 35. Ke1 g6 36. f4 h5 37. Bd3 Bg4 38. Bc1 Bg1 39. h4 Kc7 40.
Bd2 Kb6 41. Be2 Bf5 42. Kd1 Bf2 43. Bf3 Bg4 44. Bxg4 hxg4 45. Be1 Be3 46. Ke2 Bc5 47. Kd3 f5 48. Bc3 1-0

[Event "Early-Titled-Tuesday-Blitz-April-16-2024"]
[Site "Chess.com"]
[Date "2024.04.16"]
[Round "11"]
[White "Karttunen"]
[Black "BogdanDeac"]
[Result "0-1"]
[WhiteElo "2689"]
[BlackElo "3006"]
[TimeControl "180+1"]
[EndTime "10:12:33 PDT"]
[Termination "BogdanDeac won on time"]

1. e4 e5 2. Nf3 Nc6 3. Bb5 a6 4. Ba4 Nf6 5. O-O Nxe4 6. d4 b5 7. Bb3 d5 8. dxe5 Be6 9. Nbd2 Nc5 10. c3 d4 11. Bxe6 Nxe6 12. cxd4 Ncxd4 13. a4 Nc6 14. axb5 axb5 15. Rxa8 Qxa8 16. Nb3 Qa4 17. Be3 Be7 18. Qc2 Na5 19. Nfd2 Nxb3 20. Nxb3 O-O 21. Ra1 Qb4 22. Bd2 Qg4 23. h3 Qh4 24. Qd3 Rb8 25.
Be3 Qb4 26. Qc2 c5 27. Ra7 Re8 28. Na5 Nd8 29. Qd3 Qe1+ 30. Kh2 Ne6 31. Qd7 Kf8 32.
Nc6 Qb1 33. Nxe7 Qe4 34. Nd5 Qxe5+ 35. f4 Qf5 36. g4 Qc2+ 37. Kg3 Nd8 38. Qd6+ Kg8 39.
Ne7+ Kh8 40. Qd7 Rf8 41. Ra8 Qe4 42. Nf5 Qxa8 43. Bxc5 Ne6 44. Bxf8 Qxf8 45. Qd6 Qc8 46.
Ne7 Qa8 47. Nd5 b4 48. f5 Ng5 49. Nxb4 Ne4+ 0-1

[Event "Early-Titled-Tuesday-Blitz-April-16-2024"]
[Site "Chess.com"]
[Date "2024.04.16"]
[Round "11"]
[White "Yeritsyaan"]
[Black "JonSnowNW1"]
[Result "1-0"]
[WhiteElo "2667"]
[BlackElo "2544"]
[TimeControl "180+1"]
[EndTime "10:12:33 PDT"]
[Termination "Yeritsyaan won by resignation"]

1. g3 d5 2. Bg2 g6 3. d3 Bg7 4. h4 Nf6 5. Nf3 c5 6. Nbd2 Nc6 7. e4 Bg4 8. c3 O-O 9. Qc2 e5 10. O-O Qd7 11. Re1 Rae8 12. exd5 Nxd5 13. Ne4 b6 14. Nh2 Bh3 15. Qb3 Bxg2 16. Kxg2 Nc7 17. Qc2 Rd8 18. Rd1 c4 19. Bg5 cxd3 20. Bxd8 Rxd8 21.
Qb3 Ne6 22. Ng4 Qe7 23. Qb5 Qb7 24. Ngf6+ Bxf6 25. Nxf6+ Kg7 26. Ne4 f5 27. Qc4 fxe4 28.
Qxe6 e3 29. Kh2 e2 30. Rd2 Rf8 31. Kg1 Rf6 32. Qd5 Qc8 33. Rxd3 Qf5 34. Qd7+ Kh6 35. Qxf5 gxf5 36. Re1 e4 37. Rd5 Ne7 38. Rb5 Rd6 39. Rxe2 Rd1+ 40. Kg2 Kg6 41. g4 Kf6 42. gxf5 Nxf5 43.
Rxe4 Nd6 44. Rf4+ Ke6 45. Rh5 Kd7 46. Rd4 Rxd4 47. cxd4 Nc4 48. b3 Nd2 49. Rxh7+ Ke6 50. Rxa7 1-0

[Event "Early-Titled-Tuesday-Blitz-April-16-2024"]
[Site "Chess.com"]
[Date "2024.04.16"]
[Round "11"]
[White "FGHSMN"]
[Black "bazar-wokzal"]
[Result "1-0"]
[WhiteElo "2901"]
[BlackElo "2614"]
[TimeControl "180+1"]
[EndTime "10:12:34 PDT"]
[Termination "FGHSMN won on time"]

1. e4 Nc6 2. Nc3 Nf6 3. d4 d5 4. e5 Nd7 5. Nxd5 Ndb8 6. Nc3 Qxd4 7. Qxd4 Nxd4 8. Bd3 Nbc6 9. Be3 Bf5 10. O-O-O O-O-O 11.
f4 e6 12. Bxf5 Nxf5 13. Rxd8+ Kxd8 14. Bf2 h5 15. Nf3 Be7 16. Ne4 Kc8 17. c3 Rd8 18. b4 a6 19. a4 Rd5 20. Kc2 b5 21. axb5 axb5 22. g3 f6 23. exf6 gxf6 24. h3 Nd6 25. Nc5 e5 26. fxe5 Nxe5 27. Ra1 Kb8 28. Nd4 Ndc4 29.
Nce6 Kb7 30. Nf4 Rd7 31. Nxh5 c5 32. bxc5 Bxc5 33. Nxf6 Rf7 34. Ne4 Bb6 35. g4 Rh7 36. Ng5 Rg7 37. Nge6 Rf7 38. Bg3 Nc6 39. Nf5 Rd7 40. Rd1 Na3+ 41. Kc1 Rh7 42. h4 Ba5 43. Kb2 Nc4+ 44. Kb3 Rh8 45. h5 Bb6 46. h6 Ra8 47. h7 Rh8 48. Rh1 N6a5+ 49. Kc2 Be3 50. g5 Bxg5 51. Nxg5 Nc6 52. Nf7 1-0